Carnivores vs Gangsters
Created - 27 décembre 2012 at 19:08
Goals
|
| Carnivores |
1 |
0 |
2 |
3 |
| Gangsters |
1 |
1 |
4 |
6 |
|
Shots
|
| Carnivores |
11 |
8 |
11 |
30 |
| Gangsters |
5 |
7 |
21 |
33 |
|
1st period
1. Gangsters , Igor Radulov 1 (Byron Ritchie) at 16:00
2. Carnivores , David Van Der Gulik 4 (Blake Geoffrion) at 17:09
Penalties :
No Penalty
2nd period
3. Gangsters , Alexandre Bolduc 3 (Chris Bourque, Shaun Heska) at 17:58
Penalties :
Manny Malhotra (Bre) for Hooking (Minor) at 4:59, Dave Steckel (Bro) for Holding Stick (Minor) at 8:36, Jim Vandermeer (Bro) for Tripping (Minor) at 18:40
3rd period
4. Gangsters , Jaroslav Balastik 19 (Dave Steckel) at 1:31
5. Gangsters , Jaroslav Balastik 20 (Dave Steckel) at 10:53 (PP)
6. Gangsters , Dave Steckel 9 (Jaroslav Balastik, Patric Hornqvist) at 11:03
7. Carnivores , Richard Park 4 (Jeff Tambellini, Ryan Mcdonagh) at 13:50 (PP)
8. Gangsters , James Van Riemsdyk 6 (Matt Read) at 18:28
9. Carnivores , Jeff Friesen 13 (Steve Downie) at 19:02
Penalties :
Andy Miele (Bre) for Hooking (Minor) at 10:45, Chris Bourque (Bro) for Tripping (Minor) at 12:44, Jeff Tambellini (Bre) for Hooking (Minor) at 13:55
Goalie Stats
Josh Tordjman (Bre), 27 saves from 33 shots - (0,818), L, 9-5-1, 60:00 minutes
Steve Valiquette (Bro), 27 saves from 30 shots - (0,900), W, 7-7-1, 60:00 minutes
Players Stats for Carnivores
Player Name G A P +/- PIM S H SB GA TA FO MP PP MP PK MP
------------------------------------------------------------------------------------
Alexei Zhitnik 0 0 0 -1 0 0 1 2 0 0 0/0 20:05 1:30 2:12
Andrew Ference 0 0 0 1 0 1 0 1 0 0 0/0 11:23 0:00 0:00
Andy Miele 0 0 0 0 2 2 0 0 0 0 1/1 5:12 0:00 0:00
Blake Geoffrion 0 1 1 0 0 2 2 0 0 0 0/0 12:41 0:00 0:12
Cal O'Reilly 0 0 0 0 0 1 1 0 0 0 2/9 14:22 0:00 1:31
David Van Der Gulik 1 0 1 0 0 4 2 0 1 0 0/0 13:37 0:00 0:00
Evgeny Dadonov 0 0 0 0 0 0 0 0 0 0 0/0 0:00 0:00 0:00
Janne Niinimaa 0 0 0 -3 0 4 2 2 2 1 0/0 25:27 3:34 1:54
Jeff Friesen 1 0 1 -1 0 1 1 1 0 0 0/0 19:51 2:19 1:35
Jeff Halpern 0 0 0 -2 0 3 0 1 1 0 19/36 22:14 2:45 2:02
Jeff Schultz 0 0 0 -3 0 0 0 1 0 1 0/0 27:49 3:34 1:54
Jeff Tambellini 0 1 1 -2 2 5 2 1 0 0 0/1 20:54 2:45 0:33
Josef Melichar 0 0 0 1 0 1 1 0 0 0 0/0 11:23 0:00 0:00
Keith Aulie 0 0 0 0 0 0 0 0 0 0 0/0 3:05 0:00 0:00
Kyle Wilson 0 0 0 0 0 0 0 0 0 0 0/0 5:02 0:00 0:17
Manny Malhotra 0 0 0 -1 2 0 2 2 0 0 6/9 18:23 2:19 0:00
Mikael Backlund 0 0 0 0 0 0 0 0 0 0 0/0 0:00 0:00 0:00
Richard Park 1 0 1 -2 0 3 1 2 1 0 2/6 25:14 2:45 2:02
Ryan Mcdonagh 0 1 1 -1 0 0 0 2 0 0 0/0 20:48 1:30 2:12
Steve Downie 0 1 1 -1 0 3 2 1 2 0 1/2 18:21 2:19 0:00
Tim Conboy 0 0 0 0 0 0 0 0 0 0 0/0 0:00 0:00 0:00
Players Stats for Gangsters
Player Name G A P +/- PIM S H SB GA TA FO MP PP MP PK MP
------------------------------------------------------------------------------------
Alexandre Bolduc 1 0 1 0 0 2 1 0 0 0 7/13 12:10 0:00 0:43
Alexei Emelin 0 0 0 1 0 1 1 0 0 1 0/0 27:37 2:31 3:08
Artem Anisimov 0 0 0 1 0 1 1 0 0 1 0/2 7:17 0:00 0:00
Ben Holmstrom 0 0 0 0 0 0 0 0 0 0 0/0 0:00 0:00 0:00
Bradley Malone 0 0 0 0 0 0 0 0 0 0 0/0 0:00 0:00 0:00
Brandon Sutter 0 0 0 0 0 0 0 0 0 0 0/0 0:00 0:00 0:00
Brock Bradford 0 0 0 0 0 0 0 0 0 0 0/0 0:00 0:00 0:00
Bryan Young 0 0 0 0 0 0 0 1 0 1 0/0 13:05 0:00 0:51
Byron Ritchie 0 1 1 0 0 2 5 0 0 0 6/12 17:31 2:03 0:54
Chris Bourque 0 1 1 0 2 5 1 0 0 0 0/0 11:39 0:00 0:13
Dave Steckel 1 2 3 2 2 3 3 2 0 1 14/27 21:37 2:03 2:03
Igor Radulov 1 0 1 0 0 4 0 0 0 0 2/2 16:37 2:03 0:00
James Van Riemsdyk 1 0 1 1 0 2 0 0 0 0 0/0 8:00 0:00 0:43
Jaroslav Balastik 2 1 3 2 0 4 4 0 2 0 1/2 20:17 2:03 0:54
Jim Vandermeer 0 0 0 2 2 1 1 1 0 0 0/0 19:20 1:35 1:05
Matt Read 0 1 1 1 0 1 0 1 0 0 0/0 8:46 0:00 1:20
Mikko Lehtonen 0 0 0 0 0 0 0 0 0 0 0/0 0:00 0:00 0:00
Nick Foligno 0 0 0 0 0 0 0 0 0 0 0/0 0:00 0:00 0:00
Patric Hornqvist 0 1 1 2 0 2 1 0 0 1 3/6 22:53 2:03 3:18
Ryan Jones 0 0 0 0 0 0 0 0 0 0 0/0 0:00 0:00 0:00
Ryan Keller 0 0 0 0 0 0 1 0 0 0 0/0 11:27 0:00 0:00
Shaun Heska 0 1 1 0 0 0 0 1 0 0 0/0 11:57 0:00 0:00
Staffan Kronwall 0 0 0 1 0 2 2 2 0 1 0/0 27:37 2:31 3:08
Tim Jackman 0 0 0 0 0 3 1 0 0 1 0/0 16:37 2:03 0:00
Ville Koistinen 0 0 0 2 0 0 0 2 0 0 0/0 20:26 1:35 1:56
3 Stars
1 - Jaroslav Balastik (Bro)
2 - Dave Steckel (Bro)
3 - James Van Riemsdyk (Bro)
Power Play
Carnivores - 1 on 3 Attempt(s) - 33,33%
Gangsters - 1 on 3 Attempt(s) - 33,33%
Penalty Kill
Carnivores - 2 on 3 Attempt(s) - 66,67%
- Score 0 goal in Penalty Kill
Gangsters - 2 on 3 Attempt(s) - 66,67%
- Score 0 goal in Penalty Kill
Official
Referees : Martell Rob and Meier Brad
Linesman : Lyle Seitz and Mark Pare
Game Notes
No Game Note
Carnivores
5 vs 5 Forward
Center Left Wing Right Wing Time % Phy DF OF
1 Jeff Halpern Jeff Tambellini Richard Park 40 1 2 2
2 Manny Malhotra Jeff Friesen Steve Downie 30 1 2 2
3 Cal O'Reilly Blake Geoffrion David Van Der Gulik 20 1 2 2
4 Kyle Wilson Richard Park Andy Miele 10 1 2 2
5 vs 5 Defense
Defense Defense Time % Phy DF OF
1 Jeff Schultz Janne Niinimaa 40 1 2 2
2 Ryan Mcdonagh Alexei Zhitnik 30 1 2 2
3 Andrew Ference Josef Melichar 20 1 2 2
4 Keith Aulie Jeff Schultz 10 1 2 2
PowerPlay Forward
Center Left Wing Right Wing Time % Phy DF OF
1 Jeff Halpern Jeff Tambellini Richard Park 60 1 2 2
2 Manny Malhotra Jeff Friesen Steve Downie 40 1 2 2
PowerPlay Defense
Defense Defense Time % Phy DF OF
1 Jeff Schultz Janne Niinimaa 60 1 2 2
2 Ryan Mcdonagh Alexei Zhitnik 40 1 2 2
Penalty Kill 4 Players Forward
Center Wing Time % Phy DF OF
1 Richard Park Jeff Halpern 60 1 2 2
2 Jeff Tambellini Jeff Friesen 40 1 2 2
Penalty Kill 4 Players Defense
Defense Defense Time % Phy DF OF
1 Jeff Schultz Janne Niinimaa 60 1 2 2
2 Ryan Mcdonagh Alexei Zhitnik 40 1 2 2
Penalty Kill - 3 Players Forward
Forward Time % Phy DF OF
1 Richard Park 60 1 2 2
2 Jeff Halpern 40 1 2 2
Penalty Kill - 3 Players Defense
Defense Defense Time % Phy DF OF
1 Jeff Schultz Janne Niinimaa 60 1 2 2
2 Ryan Mcdonagh Alexei Zhitnik 40 1 2 2
4 vs 4 Forward
Center Wing Time % Phy DF OF
1 Richard Park Jeff Halpern 60 1 2 2
2 Jeff Tambellini Jeff Friesen 40 1 2 2
4 vs 4 Defense
Defense Defense Time % Phy DF OF
1 Jeff Schultz Janne Niinimaa 60 1 2 2
2 Ryan Mcdonagh Alexei Zhitnik 40 1 2 2
Last Minutes Offensive
Center Left Wing Right Wing Defense Defense
Jeff Halpern Jeff Tambellini Richard Park Jeff Schultz Janne Niinimaa
Last Minutes Defensive
Center Left Wing Right Wing Defense Defense
Jeff Halpern Jeff Tambellini Richard Park Jeff Schultz Janne Niinimaa
Goaltenders
Starting : Josh Tordjman
Backup : Steve Mason
Extra Forwards
Normal : David Van Der Gulik, Andy Miele, Cal O'Reilly - PP : David Van Der Gulik, Andy Miele - PK : Cal O'Reilly
Extra Defensemen
Normal : Andrew Ference, Josef Melichar, Keith Aulie - PP : Andrew Ference - PK : Josef Melichar, Keith Aulie
Penalty Shots
Richard Park, Jeff Halpern, Jeff Tambellini, Jeff Friesen, Steve Downie
Gangsters
5 vs 5 Forward
Center Left Wing Right Wing Time % Phy DF OF
1 Dave Steckel Jaroslav Balastik Patric Hornqvist 40 1 2 2
2 Byron Ritchie Igor Radulov Tim Jackman 30 1 2 2
3 Alexandre Bolduc Chris Bourque Ryan Keller 20 1 2 2
4 Artem Anisimov James Van Riemsdyk Matt Read 10 1 2 2
5 vs 5 Defense
Defense Defense Time % Phy DF OF
1 Staffan Kronwall Alexei Emelin 40 1 2 2
2 Ville Koistinen Jim Vandermeer 30 1 2 2
3 Shaun Heska Bryan Young 20 1 2 2
4 Staffan Kronwall Alexei Emelin 10 1 2 2
PowerPlay Forward
Center Left Wing Right Wing Time % Phy DF OF
1 Dave Steckel Jaroslav Balastik Patric Hornqvist 60 1 2 2
2 Byron Ritchie Igor Radulov Tim Jackman 40 1 2 2
PowerPlay Defense
Defense Defense Time % Phy DF OF
1 Staffan Kronwall Alexei Emelin 60 1 2 2
2 Ville Koistinen Jim Vandermeer 40 1 2 2
Penalty Kill 4 Players Forward
Center Wing Time % Phy DF OF
1 Patric Hornqvist Dave Steckel 60 1 2 2
2 Jaroslav Balastik Byron Ritchie 40 1 2 2
Penalty Kill 4 Players Defense
Defense Defense Time % Phy DF OF
1 Staffan Kronwall Alexei Emelin 60 1 2 2
2 Ville Koistinen Jim Vandermeer 40 1 2 2
Penalty Kill - 3 Players Forward
Forward Time % Phy DF OF
1 Patric Hornqvist 60 1 2 2
2 Dave Steckel 40 1 2 2
Penalty Kill - 3 Players Defense
Defense Defense Time % Phy DF OF
1 Staffan Kronwall Alexei Emelin 60 1 2 2
2 Ville Koistinen Jim Vandermeer 40 1 2 2
4 vs 4 Forward
Center Wing Time % Phy DF OF
1 Patric Hornqvist Dave Steckel 60 1 2 2
2 Jaroslav Balastik Byron Ritchie 40 1 2 2
4 vs 4 Defense
Defense Defense Time % Phy DF OF
1 Staffan Kronwall Alexei Emelin 60 1 2 2
2 Ville Koistinen Jim Vandermeer 40 1 2 2
Last Minutes Offensive
Center Left Wing Right Wing Defense Defense
Dave Steckel Jaroslav Balastik Patric Hornqvist Staffan Kronwall Alexei Emelin
Last Minutes Defensive
Center Left Wing Right Wing Defense Defense
Dave Steckel Jaroslav Balastik Patric Hornqvist Staffan Kronwall Alexei Emelin
Goaltenders
Starting : Steve Valiquette
Backup : David LeNeveu
Extra Forwards
Normal : Ryan Keller, Chris Bourque, Matt Read - PP : Ryan Keller, Chris Bourque - PK : Matt Read
Extra Defensemen
Normal : Shaun Heska, Bryan Young, Ville Koistinen - PP : Shaun Heska - PK : Bryan Young, Ville Koistinen
Penalty Shots
Patric Hornqvist, Dave Steckel, Jaroslav Balastik, Byron Ritchie, Tim Jackman
% Time on Ice - Carnivores
Lines # - Real PCT - Wanted PCT - Time Play
Normal Forward
1 - 35% - 40% - 17:37
2 - 32% - 30% - 16:02
3 - 25% - 20% - 12:29
4 - 9% - 10% - 4:42
Normal Defense
1 - 39% - 40% - 19:59
2 - 32% - 30% - 16:23
3 - 22% - 20% - 11:23
4 - 6% - 10% - 3:05
PP Forward
1 - 54% - 60% - 2:45
2 - 46% - 40% - 2:19
PP Defense
1 - 70% - 60% - 3:34
2 - 30% - 40% - 1:30
PK Forward
1 - 80% - 60% - 3:18
2 - 20% - 40% - 0:48
PK Defense
1 - 46% - 60% - 1:54
2 - 54% - 40% - 2:12
PK3 Forward
1 - 0% - 60%
2 - 0% - 40%
PK3 Defense
1 - 0% - 60%
2 - 0% - 40%
44 Forward
1 - 0% - 60%
2 - 0% - 40%
44 Defense
1 - 0% - 60%
2 - 0% - 40%
Last Minute Offensive - 0:00
Last Minute Defensive - 0:00
Total
Forward - 60:00
Defense - 60:00
|
% Time on Ice - Gangsters
Lines # - Real PCT - Wanted PCT - Time Play
Normal Forward
1 - 34% - 40% - 17:32
2 - 29% - 30% - 14:34
3 - 23% - 20% - 11:27
4 - 14% - 10% - 7:17
Normal Defense
1 - 38% - 40% - 19:22
2 - 33% - 30% - 16:55
3 - 24% - 20% - 11:57
4 - 5% - 10% - 2:36
PP Forward
1 - 50% - 60% - 2:03
2 - 50% - 40% - 2:03
PP Defense
1 - 61% - 60% - 2:31
2 - 39% - 40% - 1:35
PK Forward
1 - 82% - 60% - 4:10
2 - 18% - 40% - 0:54
PK Defense
1 - 62% - 60% - 3:08
2 - 38% - 40% - 1:56
PK3 Forward
1 - 0% - 60%
2 - 0% - 40%
PK3 Defense
1 - 0% - 60%
2 - 0% - 40%
44 Forward
1 - 0% - 60%
2 - 0% - 40%
44 Defense
1 - 0% - 60%
2 - 0% - 40%
Last Minute Offensive - 0:00
Last Minute Defensive - 0:00
Total
Forward - 60:00
Defense - 60:00
|
Play by Play
1st period
0:01 of 1st period - Jeff Halpern wins face-off versus Dave Steckel in neutral zone.
0:06 of 1st period - Snap shot by Jeff Tambellini.
0:06 of 1st period - Stopped by Steve Valiquette with a rebound.
0:58 of 1st period - Snap shot by James Van Riemsdyk.
0:58 of 1st period - Shot Misses the Net.
1:32 of 1st period - Wrist shot by Patric Hornqvist.
1:32 of 1st period - Shot Blocked by Andrew Ference.
1:53 of 1st period - Off-side.
1:54 of 1st period - Igor Radulov wins face-off versus Manny Malhotra in neutral zone.
1:57 of 1st period - Snap shot by Tim Jackman.
1:57 of 1st period - Deflect By Jeff Schultz.
1:57 of 1st period - Stopped by Josh Tordjman with a rebound.
1:59 of 1st period - Snap shot by Byron Ritchie.
1:59 of 1st period - Shot Misses the Net.
2:21 of 1st period - Bryan Young is hit by Blake Geoffrion and loses puck.
2:39 of 1st period - Off-side.
2:40 of 1st period - Alexandre Bolduc wins face-off versus Jeff Halpern in neutral zone.
2:43 of 1st period - Jeff Tambellini is hit by Ryan Keller and loses puck.
4:07 of 1st period - Alexei Emelin is hit by Jeff Tambellini and loses puck.
5:43 of 1st period - Icing by Igor Radulov.
5:44 of 1st period - Cal O'Reilly wins face-off versus Byron Ritchie in Gangsters zone.
6:51 of 1st period - Slapshot by Janne Niinimaa.
6:51 of 1st period - Deflect By Jaroslav Balastik.
6:51 of 1st period - Stopped by Steve Valiquette with a rebound.
7:49 of 1st period - Alexei Emelin is hit by David Van Der Gulik and loses puck.
9:06 of 1st period - Snap shot by Dave Steckel.
9:06 of 1st period - Shot Misses the Net.
9:50 of 1st period - Wrist shot by Jeff Tambellini.
9:50 of 1st period - Stopped by Steve Valiquette without a rebound.
9:51 of 1st period - Jeff Halpern wins face-off versus Dave Steckel in Gangsters zone.
9:52 of 1st period - Slapshot by Jeff Tambellini.
9:52 of 1st period - Shot Misses the Net.
10:06 of 1st period - Snap shot by Patric Hornqvist.
10:06 of 1st period - Stopped by Josh Tordjman with a rebound.
10:26 of 1st period - Snap shot by Byron Ritchie.
10:26 of 1st period - Shot Blocked by Jeff Schultz.
10:36 of 1st period - Wrist shot by Steve Downie.
10:36 of 1st period - Shot Misses the Net.
10:38 of 1st period - Wrist shot by Jeff Schultz.
10:38 of 1st period - Deflect By Steve Downie.
10:38 of 1st period - Stopped by Steve Valiquette with a rebound.
11:20 of 1st period - Wrist shot by Jaroslav Balastik.
11:20 of 1st period - Shot Misses the Net.
11:38 of 1st period - Igor Radulov is hit by Jeff Friesen and loses puck.
12:06 of 1st period - Snap shot by Artem Anisimov.
12:06 of 1st period - Shot Misses the Net.
12:31 of 1st period - Icing by Jim Vandermeer.
12:32 of 1st period - Byron Ritchie wins face-off versus Cal O'Reilly in Gangsters zone.
12:34 of 1st period - Icing by Igor Radulov.
12:35 of 1st period - Byron Ritchie wins face-off versus Cal O'Reilly in Gangsters zone.
12:40 of 1st period - Snap shot by Tim Jackman.
12:40 of 1st period - Shot Misses the Net.
12:42 of 1st period - Wrist shot by Byron Ritchie.
12:42 of 1st period - Shot Misses the Net.
12:44 of 1st period - Snap shot by Igor Radulov.
12:44 of 1st period - Deflect By Byron Ritchie.
12:44 of 1st period - Shot Misses the Net.
12:44 of 1st period - Puck is out of play.
12:45 of 1st period - Jeff Halpern wins face-off versus Dave Steckel in Carnivores zone.
12:56 of 1st period - Wrist shot by Patric Hornqvist.
12:56 of 1st period - Stopped by Josh Tordjman without a rebound.
12:57 of 1st period - Jeff Halpern wins face-off versus Dave Steckel in Carnivores zone.
13:10 of 1st period - Slapshot by Patric Hornqvist.
13:10 of 1st period - Shot Blocked by Jeff Halpern.
13:49 of 1st period - Jeff Schultz is hit by Byron Ritchie and loses puck.
14:31 of 1st period - Snap shot by Jeff Friesen.
14:31 of 1st period - Shot Blocked by Ville Koistinen.
14:57 of 1st period - Ryan Mcdonagh is hit by Byron Ritchie and loses puck.
15:30 of 1st period - Wrist shot by Manny Malhotra.
15:30 of 1st period - Deflect By Steve Downie.
15:30 of 1st period - Stopped by Steve Valiquette with a rebound.
16:00 of 1st period - Wrist shot by Igor Radulov.
16:00 of 1st period - Goal by Igor Radulov - Carnivores : 0 - Gangsters : 1.
16:01 of 1st period - Jeff Halpern wins face-off versus Dave Steckel in neutral zone.
16:06 of 1st period - Wrist shot by Jeff Halpern.
16:06 of 1st period - Shot Blocked by Staffan Kronwall.
16:08 of 1st period - Snap shot by Jeff Tambellini.
16:08 of 1st period - Deflect By Richard Park.
16:08 of 1st period - Shot Misses the Net.
16:08 of 1st period - Puck is out of play.
16:09 of 1st period - Dave Steckel wins face-off versus Jeff Halpern in Gangsters zone.
16:35 of 1st period - Snap shot by Dave Steckel.
16:35 of 1st period - Stopped by Josh Tordjman without a rebound.
16:36 of 1st period - Alexandre Bolduc wins face-off versus Cal O'Reilly in Carnivores zone.
16:43 of 1st period - Wrist shot by Ryan Keller.
16:43 of 1st period - Deflect By Chris Bourque.
16:43 of 1st period - Shot Misses the Net.
16:43 of 1st period - Puck is out of play.
16:44 of 1st period - Alexandre Bolduc wins face-off versus Cal O'Reilly in Carnivores zone.
17:05 of 1st period - Snap shot by Blake Geoffrion.
17:05 of 1st period - Stopped by Steve Valiquette with a rebound.
17:09 of 1st period - Wrist shot by David Van Der Gulik.
17:09 of 1st period - Goal by David Van Der Gulik - Carnivores : 1 - Gangsters : 1.
17:10 of 1st period - Jeff Halpern wins face-off versus Jaroslav Balastik in neutral zone.
17:13 of 1st period - Backhand shot by Jeff Halpern.
17:13 of 1st period - Shot Misses the Net.
17:41 of 1st period - Wrist shot by David Van Der Gulik.
17:41 of 1st period - Stopped by Steve Valiquette with a rebound.
17:43 of 1st period - Slapshot by Andrew Ference.
17:43 of 1st period - Stopped by Steve Valiquette without a rebound.
17:44 of 1st period - Alexandre Bolduc wins face-off versus Jeff Halpern in Gangsters zone.
17:49 of 1st period - Wrist shot by Jeff Halpern.
17:49 of 1st period - Stopped by Steve Valiquette without a rebound.
17:50 of 1st period - Alexandre Bolduc wins face-off versus Richard Park in Gangsters zone.
18:15 of 1st period - Shaun Heska is hit by Steve Downie and loses puck.
18:51 of 1st period - Blake Geoffrion is hit by Dave Steckel and loses puck.
19:06 of 1st period - Byron Ritchie is hit by Josef Melichar and loses puck.
19:29 of 1st period - Wrist shot by Tim Jackman.
19:29 of 1st period - Shot Misses the Net.
19:38 of 1st period - Icing by Staffan Kronwall.
19:39 of 1st period - Manny Malhotra wins face-off versus Artem Anisimov in Gangsters zone.
19:42 of 1st period - Snap shot by David Van Der Gulik.
19:42 of 1st period - Stopped by Steve Valiquette with a rebound.
2nd period
0:01 of 2nd period - Jeff Halpern wins face-off versus Dave Steckel in neutral zone.
0:26 of 2nd period - Steve Downie is hit by Byron Ritchie and loses puck.
0:35 of 2nd period - Wrist shot by Igor Radulov.
0:35 of 2nd period - Shot Misses the Net.
0:37 of 2nd period - Backhand shot by Byron Ritchie.
0:37 of 2nd period - Shot Misses the Net.
1:31 of 2nd period - Richard Park is hit by Jaroslav Balastik and loses puck.
2:25 of 2nd period - Slapshot by Richard Park.
2:25 of 2nd period - Shot Blocked by Ville Koistinen.
2:34 of 2nd period - Icing by Dave Steckel.
2:35 of 2nd period - Dave Steckel wins face-off versus Manny Malhotra in Gangsters zone.
2:48 of 2nd period - Wrist shot by Igor Radulov.
2:48 of 2nd period - Stopped by Josh Tordjman with a rebound.
2:50 of 2nd period - Snap shot by Byron Ritchie.
2:50 of 2nd period - Shot Misses the Net.
3:09 of 2nd period - Jaroslav Balastik is hit by Cal O'Reilly and loses puck.
3:25 of 2nd period - Slapshot by Chris Bourque.
3:25 of 2nd period - Shot Misses the Net.
3:28 of 2nd period - Icing by Janne Niinimaa.
3:29 of 2nd period - Byron Ritchie wins face-off versus Jeff Halpern in Carnivores zone.
3:36 of 2nd period - Wrist shot by Tim Jackman.
3:36 of 2nd period - Shot Misses the Net.
3:38 of 2nd period - Snap shot by Jim Vandermeer.
3:38 of 2nd period - Deflect By Jeff Tambellini.
3:38 of 2nd period - Stopped by Josh Tordjman without a rebound.
3:39 of 2nd period - Byron Ritchie wins face-off versus Jeff Halpern in Carnivores zone.
3:40 of 2nd period - Wrist shot by Igor Radulov.
3:40 of 2nd period - Stopped by Josh Tordjman without a rebound.
3:41 of 2nd period - Jeff Halpern wins face-off versus Dave Steckel in Carnivores zone.
3:41 of 2nd period - Jeff Halpern is hit by Jaroslav Balastik.
3:59 of 2nd period - Staffan Kronwall is hit by Jeff Tambellini and loses puck.
4:54 of 2nd period - Slapshot by Richard Park.
4:54 of 2nd period - Stopped by Steve Valiquette with a rebound.
4:59 of 2nd period - Minor Penalty to Manny Malhotra for Hooking.
5:00 of 2nd period - Dave Steckel wins face-off versus Richard Park in Carnivores zone.
5:07 of 2nd period - Snap shot by Dave Steckel.
5:07 of 2nd period - Shot Misses the Net.
5:14 of 2nd period - Snap shot by Jaroslav Balastik.
5:14 of 2nd period - Shot Misses the Net.
5:16 of 2nd period - Wrist shot by Dave Steckel.
5:16 of 2nd period - Shot Misses the Net.
5:32 of 2nd period - Alexei Zhitnik is hit by Byron Ritchie and loses puck.
6:59 of 2nd period - Penalty to Manny Malhotra is over, Manny Malhotra is back on ice.
7:01 of 2nd period - Off-side.
7:02 of 2nd period - Manny Malhotra wins face-off versus Alexandre Bolduc in neutral zone.
7:37 of 2nd period - Snap shot by Blake Geoffrion.
7:37 of 2nd period - Stopped by Steve Valiquette with a rebound.
8:05 of 2nd period - Backhand shot by Matt Read.
8:05 of 2nd period - Stopped by Josh Tordjman without a rebound.
8:06 of 2nd period - Manny Malhotra wins face-off versus Artem Anisimov in Carnivores zone.
8:06 of 2nd period - Manny Malhotra is hit by Artem Anisimov.
8:12 of 2nd period - Alexei Emelin is hit by Alexei Zhitnik and loses puck.
8:36 of 2nd period - Minor Penalty to Dave Steckel for Holding Stick.
8:37 of 2nd period - Jeff Halpern wins face-off versus Patric Hornqvist in Gangsters zone.
8:50 of 2nd period - Slapshot by Jeff Halpern.
8:50 of 2nd period - Stopped by Steve Valiquette without a rebound.
8:51 of 2nd period - Patric Hornqvist wins face-off versus Jeff Halpern in Gangsters zone.
10:15 of 2nd period - Snap shot by Alexandre Bolduc.
10:15 of 2nd period - Deflect By Chris Bourque.
10:15 of 2nd period - Stopped by Josh Tordjman without a rebound.
10:16 of 2nd period - Richard Park wins face-off versus Alexandre Bolduc in Carnivores zone.
10:24 of 2nd period - Icing by Jeff Friesen.
10:25 of 2nd period - Manny Malhotra wins face-off versus Patric Hornqvist in Carnivores zone.
10:36 of 2nd period - Penalty to Dave Steckel is over, Dave Steckel is back on ice.
11:14 of 2nd period - Snap shot by Richard Park.
11:14 of 2nd period - Shot Misses the Net.
11:30 of 2nd period - Andrew Ference is hit by Jaroslav Balastik and loses puck.
12:25 of 2nd period - Wrist shot by Chris Bourque.
12:25 of 2nd period - Deflect By Alexandre Bolduc.
12:25 of 2nd period - Shot Misses the Net.
12:25 of 2nd period - Puck is out of play.
12:26 of 2nd period - Jeff Halpern wins face-off versus Alexandre Bolduc in Carnivores zone.
13:19 of 2nd period - Slapshot by Janne Niinimaa.
13:19 of 2nd period - Stopped by Steve Valiquette with a rebound.
13:21 of 2nd period - Slapshot by Janne Niinimaa.
13:21 of 2nd period - Stopped by Steve Valiquette with a rebound.
13:35 of 2nd period - Wrist shot by Richard Park.
13:35 of 2nd period - Shot Blocked by Matt Read.
14:02 of 2nd period - Manny Malhotra is hit by Alexandre Bolduc.
14:12 of 2nd period - Snap shot by Cal O'Reilly.
14:12 of 2nd period - Stopped by Steve Valiquette without a rebound.
14:13 of 2nd period - Dave Steckel wins face-off versus Cal O'Reilly in Gangsters zone.
14:13 of 2nd period - Dave Steckel is hit by Janne Niinimaa.
14:19 of 2nd period - Slapshot by Janne Niinimaa.
14:19 of 2nd period - Shot Misses the Net.
14:30 of 2nd period - Blake Geoffrion is hit by Dave Steckel and loses puck.
14:45 of 2nd period - Wrist shot by Jeff Tambellini.
14:45 of 2nd period - Shot Misses the Net.
14:49 of 2nd period - Wrist shot by Jeff Tambellini.
14:49 of 2nd period - Shot Misses the Net.
14:51 of 2nd period - Slapshot by Janne Niinimaa.
14:51 of 2nd period - Stopped by Steve Valiquette without a rebound.
14:52 of 2nd period - Dave Steckel wins face-off versus Jeff Halpern in Gangsters zone.
15:16 of 2nd period - Off-side.
15:17 of 2nd period - Manny Malhotra wins face-off versus Byron Ritchie in neutral zone.
15:28 of 2nd period - Snap shot by Igor Radulov.
15:28 of 2nd period - Shot Blocked by Alexei Zhitnik.
15:42 of 2nd period - Ryan Mcdonagh is hit by Patric Hornqvist and loses puck.
16:31 of 2nd period - Wrist shot by Matt Read.
16:31 of 2nd period - Deflect By Artem Anisimov.
16:31 of 2nd period - Shot Misses the Net.
16:31 of 2nd period - Puck is out of play.
16:32 of 2nd period - Dave Steckel wins face-off versus Jeff Tambellini in Carnivores zone.
16:39 of 2nd period - Jaroslav Balastik is hit by Richard Park and loses puck.
16:46 of 2nd period - Wrist shot by Jeff Tambellini.
16:46 of 2nd period - Shot Misses the Net.
16:48 of 2nd period - Snap shot by Jeff Halpern.
16:48 of 2nd period - Shot Misses the Net.
17:05 of 2nd period - Slapshot by Steve Downie.
17:05 of 2nd period - Stopped by Steve Valiquette without a rebound.
17:06 of 2nd period - Jeff Halpern wins face-off versus Byron Ritchie in Gangsters zone.
17:07 of 2nd period - Wrist shot by Richard Park.
17:07 of 2nd period - Shot Blocked by Bryan Young.
17:15 of 2nd period - Slapshot by Byron Ritchie.
17:15 of 2nd period - Stopped by Josh Tordjman with a rebound.
17:41 of 2nd period - Jaroslav Balastik is hit by Manny Malhotra and loses puck.
17:58 of 2nd period - Snap shot by Alexandre Bolduc.
17:58 of 2nd period - Goal by Alexandre Bolduc - Carnivores : 1 - Gangsters : 2.
17:59 of 2nd period - Dave Steckel wins face-off versus Jeff Halpern in neutral zone.
18:40 of 2nd period - Minor Penalty to Jim Vandermeer for Tripping.
18:41 of 2nd period - Jeff Halpern wins face-off versus Patric Hornqvist in Gangsters zone.
3rd period
0:01 of 3rd period - Dave Steckel wins face-off versus Jeff Halpern in neutral zone.
0:40 of 3rd period - Penalty to Jim Vandermeer is over, Jim Vandermeer is back on ice.
0:54 of 3rd period - Slapshot by Chris Bourque.
0:54 of 3rd period - Shot Blocked by Alexei Zhitnik.
0:56 of 3rd period - Wrist shot by Chris Bourque.
0:56 of 3rd period - Stopped by Josh Tordjman without a rebound.
0:57 of 3rd period - Jeff Halpern wins face-off versus Byron Ritchie in Carnivores zone.
1:06 of 3rd period - Snap shot by Jeff Tambellini.
1:06 of 3rd period - Stopped by Steve Valiquette with a rebound.
1:08 of 3rd period - Slapshot by Ryan Mcdonagh.
1:08 of 3rd period - Deflect By Jeff Halpern.
1:08 of 3rd period - Stopped by Steve Valiquette with a rebound.
1:22 of 3rd period - Manny Malhotra is hit by Chris Bourque and loses puck.
1:27 of 3rd period - Snap shot by Chris Bourque.
1:27 of 3rd period - Shot Misses the Net.
1:29 of 3rd period - Snap shot by Chris Bourque.
1:29 of 3rd period - Stopped by Josh Tordjman without a rebound.
1:30 of 3rd period - Dave Steckel wins face-off versus Jeff Halpern in Carnivores zone.
1:31 of 3rd period - Wrist shot by Jaroslav Balastik.
1:31 of 3rd period - Goal by Jaroslav Balastik - Carnivores : 1 - Gangsters : 3.
1:32 of 3rd period - Jaroslav Balastik wins face-off versus Jeff Halpern in neutral zone.
1:34 of 3rd period - Alexei Emelin is hit by Janne Niinimaa and loses puck.
1:45 of 3rd period - Snap shot by Jaroslav Balastik.
1:45 of 3rd period - Stopped by Josh Tordjman without a rebound.
1:46 of 3rd period - Dave Steckel wins face-off versus Jeff Halpern in Carnivores zone.
1:47 of 3rd period - Wrist shot by Jaroslav Balastik.
1:47 of 3rd period - Shot Blocked by Janne Niinimaa.
2:11 of 3rd period - Steve Downie is hit by Staffan Kronwall and loses puck.
2:18 of 3rd period - Wrist shot by Tim Jackman.
2:18 of 3rd period - Shot Misses the Net.
2:20 of 3rd period - Wrist shot by Igor Radulov.
2:20 of 3rd period - Shot Blocked by Manny Malhotra.
2:22 of 3rd period - Snap shot by Byron Ritchie.
2:22 of 3rd period - Stopped by Josh Tordjman without a rebound.
2:23 of 3rd period - Alexandre Bolduc wins face-off versus Jeff Halpern in Carnivores zone.
2:28 of 3rd period - Wrist shot by Chris Bourque.
2:28 of 3rd period - Stopped by Josh Tordjman without a rebound.
2:29 of 3rd period - Jeff Halpern wins face-off versus Alexandre Bolduc in Carnivores zone.
2:44 of 3rd period - Slapshot by Alexandre Bolduc.
2:44 of 3rd period - Shot Misses the Net.
2:56 of 3rd period - Alexei Emelin is hit by Steve Downie and loses puck.
3:03 of 3rd period - Snap shot by Steve Downie.
3:03 of 3rd period - Shot Blocked by Dave Steckel.
3:05 of 3rd period - Slapshot by Jeff Friesen.
3:05 of 3rd period - Shot Blocked by Dave Steckel.
3:23 of 3rd period - Slapshot by David Van Der Gulik.
3:23 of 3rd period - Stopped by Steve Valiquette without a rebound.
3:24 of 3rd period - Byron Ritchie wins face-off versus Cal O'Reilly in Gangsters zone.
3:37 of 3rd period - Slapshot by Tim Jackman.
3:37 of 3rd period - Shot Misses the Net.
3:39 of 3rd period - Wrist shot by Byron Ritchie.
3:39 of 3rd period - Shot Misses the Net.
4:14 of 3rd period - Snap shot by Jeff Halpern.
4:14 of 3rd period - Shot Blocked by Shaun Heska.
4:34 of 3rd period - Snap shot by Steve Downie.
4:34 of 3rd period - Shot Misses the Net.
4:51 of 3rd period - Icing by Manny Malhotra.
4:52 of 3rd period - Steve Downie wins face-off versus Byron Ritchie in Carnivores zone.
4:52 of 3rd period - Steve Downie is hit by Alexei Emelin.
5:00 of 3rd period - Snap shot by Jeff Tambellini.
5:00 of 3rd period - Stopped by Steve Valiquette with a rebound.
5:02 of 3rd period - Wrist shot by Josef Melichar.
5:02 of 3rd period - Shot Blocked by Staffan Kronwall.
5:04 of 3rd period - Slapshot by Josef Melichar.
5:04 of 3rd period - Stopped by Steve Valiquette with a rebound.
5:22 of 3rd period - Snap shot by Richard Park.
5:22 of 3rd period - Shot Misses the Net.
5:24 of 3rd period - Slapshot by Ryan Mcdonagh.
5:24 of 3rd period - Shot Hit the Post.
5:39 of 3rd period - Staffan Kronwall is hit by Blake Geoffrion and loses puck.
6:33 of 3rd period - Slapshot by Richard Park.
6:33 of 3rd period - Shot Blocked by Jim Vandermeer.
6:35 of 3rd period - Snap shot by Andy Miele.
6:35 of 3rd period - Stopped by Steve Valiquette with a rebound.
6:37 of 3rd period - Slapshot by Richard Park.
6:37 of 3rd period - Shot Misses the Net.
6:47 of 3rd period - David Van Der Gulik is hit by Jim Vandermeer and loses puck.
7:50 of 3rd period - Steve Downie is hit by Jaroslav Balastik and loses puck.
8:05 of 3rd period - Blake Geoffrion is hit by Tim Jackman and loses puck.
8:16 of 3rd period - Wrist shot by Ryan Keller.
8:16 of 3rd period - Shot Misses the Net.
8:18 of 3rd period - Wrist shot by Alexandre Bolduc.
8:18 of 3rd period - Shot Blocked by Ryan Mcdonagh.
9:42 of 3rd period - Alexei Emelin is hit by David Van Der Gulik and loses puck.
10:07 of 3rd period - Slapshot by Tim Jackman.
10:07 of 3rd period - Stopped by Josh Tordjman without a rebound.
10:08 of 3rd period - Manny Malhotra wins face-off versus Byron Ritchie in Carnivores zone.
10:19 of 3rd period - Wrist shot by Tim Jackman.
10:19 of 3rd period - Shot Blocked by Steve Downie.
10:21 of 3rd period - Wrist shot by Tim Jackman.
10:21 of 3rd period - Shot Blocked by Manny Malhotra.
10:23 of 3rd period - Wrist shot by Tim Jackman.
10:23 of 3rd period - Shot Blocked by Janne Niinimaa.
10:42 of 3rd period - Snap shot by Andy Miele.
10:42 of 3rd period - Shot Misses the Net.
10:44 of 3rd period - Snap shot by Richard Park.
10:44 of 3rd period - Stopped by Steve Valiquette with a rebound.
10:45 of 3rd period - Minor Penalty to Andy Miele for Hooking.
10:46 of 3rd period - Dave Steckel wins face-off versus Richard Park in Carnivores zone.
10:53 of 3rd period - Wrist shot by Jaroslav Balastik.
10:53 of 3rd period - Goal by Jaroslav Balastik - Carnivores : 1 - Gangsters : 4.
10:54 of 3rd period - Jeff Halpern wins face-off versus Dave Steckel in neutral zone.
11:03 of 3rd period - Wrist shot by Dave Steckel.
11:03 of 3rd period - Goal by Dave Steckel - Carnivores : 1 - Gangsters : 5.
11:04 of 3rd period - Jeff Halpern wins face-off versus Dave Steckel in neutral zone.
11:09 of 3rd period - Wrist shot by Jeff Tambellini.
11:09 of 3rd period - Stopped by Steve Valiquette with a rebound.
11:14 of 3rd period - Off-side.
11:15 of 3rd period - Jeff Halpern wins face-off versus Dave Steckel in neutral zone.
11:22 of 3rd period - Wrist shot by Jaroslav Balastik.
11:22 of 3rd period - Shot Misses the Net.
11:24 of 3rd period - Snap shot by Dave Steckel.
11:24 of 3rd period - Stopped by Josh Tordjman without a rebound.
11:25 of 3rd period - Jeff Halpern wins face-off versus Dave Steckel in Carnivores zone.
12:02 of 3rd period - Snap shot by Patric Hornqvist.
12:02 of 3rd period - Shot Blocked by Jeff Tambellini.
12:04 of 3rd period - Snap shot by Staffan Kronwall.
12:04 of 3rd period - Shot Hit the Post.
12:06 of 3rd period - Snap shot by Patric Hornqvist.
12:06 of 3rd period - Shot Blocked by Richard Park.
12:08 of 3rd period - Slapshot by Staffan Kronwall.
12:08 of 3rd period - Stopped by Josh Tordjman with a rebound.
12:10 of 3rd period - Snap shot by Patric Hornqvist.
12:10 of 3rd period - Shot Blocked by Richard Park.
12:14 of 3rd period - Snap shot by Jaroslav Balastik.
12:14 of 3rd period - Stopped by Josh Tordjman without a rebound.
12:15 of 3rd period - Igor Radulov wins face-off versus Manny Malhotra in Carnivores zone.
12:24 of 3rd period - Backhand shot by Igor Radulov.
12:24 of 3rd period - Stopped by Josh Tordjman with a rebound.
12:26 of 3rd period - Wrist shot by Byron Ritchie.
12:26 of 3rd period - Shot Blocked by Ryan Mcdonagh.
12:28 of 3rd period - Wrist shot by Byron Ritchie.
12:28 of 3rd period - Shot Misses the Net.
12:30 of 3rd period - Backhand shot by Tim Jackman.
12:30 of 3rd period - Stopped by Josh Tordjman without a rebound.
12:31 of 3rd period - Alexandre Bolduc wins face-off versus Cal O'Reilly in Carnivores zone.
12:38 of 3rd period - Slapshot by Chris Bourque.
12:38 of 3rd period - Stopped by Josh Tordjman without a rebound.
12:39 of 3rd period - Cal O'Reilly wins face-off versus Alexandre Bolduc in Carnivores zone.
12:44 of 3rd period - Minor Penalty to Chris Bourque for Tripping.
12:45 of 3rd period - Patric Hornqvist wins face-off versus Jeff Halpern in Gangsters zone.
12:52 of 3rd period - Wrist shot by Patric Hornqvist.
12:52 of 3rd period - Shot Misses the Net.
12:54 of 3rd period - Slapshot by Alexei Emelin.
12:54 of 3rd period - Stopped by Josh Tordjman with a rebound.
12:56 of 3rd period - Snap shot by Staffan Kronwall.
12:56 of 3rd period - Stopped by Josh Tordjman with a rebound.
13:18 of 3rd period - Icing by Jeff Schultz.
13:19 of 3rd period - Byron Ritchie wins face-off versus Steve Downie in Carnivores zone.
13:38 of 3rd period - Slapshot by Janne Niinimaa.
13:38 of 3rd period - Deflect By Jeff Friesen.
13:38 of 3rd period - Shot Misses the Net.
13:38 of 3rd period - Puck is out of play.
13:39 of 3rd period - Patric Hornqvist wins face-off versus Jeff Halpern in Gangsters zone.
13:50 of 3rd period - Snap shot by Richard Park.
13:50 of 3rd period - Goal by Richard Park - Carnivores : 2 - Gangsters : 5.
13:51 of 3rd period - Dave Steckel wins face-off versus Jeff Halpern in neutral zone.
13:55 of 3rd period - Minor Penalty to Jeff Tambellini for Hooking.
13:56 of 3rd period - Dave Steckel wins face-off versus Richard Park in Carnivores zone.
14:13 of 3rd period - Jeff Halpern is hit by Dave Steckel and loses puck.
14:32 of 3rd period - Wrist shot by Igor Radulov.
14:32 of 3rd period - Shot Misses the Net.
15:00 of 3rd period - Jeff Halpern is hit by Byron Ritchie and loses puck.
15:55 of 3rd period - Penalty to Jeff Tambellini is over, Jeff Tambellini is back on ice.
16:04 of 3rd period - Off-side.
16:05 of 3rd period - Andy Miele wins face-off versus Alexandre Bolduc in neutral zone.
16:10 of 3rd period - Snap shot by Andy Miele.
16:10 of 3rd period - Stopped by Steve Valiquette with a rebound.
16:26 of 3rd period - Slapshot by James Van Riemsdyk.
16:26 of 3rd period - Stopped by Josh Tordjman with a rebound.
16:28 of 3rd period - Slapshot by Alexei Emelin.
16:28 of 3rd period - Shot Blocked by Jeff Friesen.
16:34 of 3rd period - Wrist shot by Artem Anisimov.
16:34 of 3rd period - Stopped by Josh Tordjman with a rebound.
16:46 of 3rd period - Slapshot by Alexandre Bolduc.
16:46 of 3rd period - Stopped by Josh Tordjman with a rebound.
17:00 of 3rd period - Slapshot by Jaroslav Balastik.
17:00 of 3rd period - Shot Misses the Net.
17:58 of 3rd period - Snap shot by Manny Malhotra.
17:58 of 3rd period - Shot Misses the Net.
18:28 of 3rd period - Wrist shot by James Van Riemsdyk.
18:28 of 3rd period - Goal by James Van Riemsdyk - Carnivores : 2 - Gangsters : 6.
18:29 of 3rd period - Richard Park wins face-off versus Dave Steckel in neutral zone.
18:38 of 3rd period - Alexei Zhitnik is hit by Staffan Kronwall and loses puck.
18:57 of 3rd period - Byron Ritchie is hit by Manny Malhotra and loses puck.
19:02 of 3rd period - Snap shot by Jeff Friesen.
19:02 of 3rd period - Goal by Jeff Friesen - Carnivores : 3 - Gangsters : 6.
19:03 of 3rd period - Dave Steckel wins face-off versus Jeff Halpern in neutral zone.
19:11 of 3rd period - Icing by Janne Niinimaa.
19:12 of 3rd period - Jeff Halpern wins face-off versus Dave Steckel in Carnivores zone.
Output by the SimonT Hockey Simulator (STHS) for François Prévost -- Original Page W3C XHTML 1.0 Valid